AoeStats
← dorHOBBIT

Arabia

508432698Analyzed
1v1 RM · 9d ago on Sep 22, 2026· 30m 3s· 2 players
Game mode
Random Map
Map size
Tiny (2 player)
Population
200
Speed
Normal
Resources
Standard
Victory
Conquest
Starting age
Dark Age
Ending age
Imperial Age
RankedLock teamsTeams togetherTeam positionsShared explorationLock speedFull tech treeHidden civsTurbo modeCheats
Victory
Defeat
🇫🇷 Chinese · France
433
+16
🇩🇪 Romans · Germany
442
-16
antoine_s_wik
10:16 Loom
12:07 Feudal Age
13:09 Double-Bit Axe
14:22 Horse Collar
21:11 Wheelbarrow
21:14 Forging
20:55 Fletching
24:32 Castle Age
26:19 Iron Casting
25:39 Bodkin Arrow
25:46 Padded Archer Armor
26:40 Bow Saw
26:34 Heavy Plow
26:46 Crossbowman
27:32 Thumb Ring
27:23 Arson
27:56 Gold Mining
27:57 Stone Mining
dorHOBBIT
12:18 Feudal Age
12:46 Double-Bit Axe
17:05 Loom
18:48 Horse Collar
19:01 Gold Mining
23:35 Town Watch
24:26 Wheelbarrow
24:37 Man-at-Arms
30:12 Stone Mining
Connection lost

Rejoining the realm…

Still unreachable

The connection could not be restored.

Session expired

The server has moved on; the page needs a fresh start.